 Dungeon Crawl Stone Soup version 0.17.1-1-g73c8601 (webtiles) character file.

340 JustSomeDude the Sneak (level 6, -6/28 HPs)
             Began as a Felid Monk on Dec 23, 2015.
             Was a Priest of Dithmenos.
             Mangled by Pikel
             ... wielding a +0 whip of flaming
              (12 damage)
             ... on level 4 of the Dungeon.
             The game lasted 00:19:06 (4000 turns).

JustSomeDude the Sneak (Felid Monk)                 Turns: 4000, Time: 00:19:07

Health: -6/28      AC:  2    Str:  7    XL:     6   Next: 30%
Magic:  7/7        EV: 22    Int: 12    God:    Dithmenos [***...]
Gold:   143        SH:  0    Dex: 20    Spells: 0 memorised, 5 levels left
                                        Lives:  0   Deaths: 1

rFire  . . .     SeeInvis +       - Unarmed
rCold  . . .     Clarity  .     (armour unavailable)
rNeg   . . .     SustAt   .     (shield unavailable)
rPois  +         Gourm    .     (helmet unavailable)
rElec  .         Spirit   .     (cloak unavailable)
rCorr  .         Warding  .     (gloves unavailable)
rMut   .         Stasis   .     (boots unavailable)
MR     +....                    (no amulet)
Stlth  ++++++....               (no ring)
                                s - ring of protection from magic

@: wreathed by umbra, quick, somewhat resistant to hostile enchantments, very
stealthy
A: no armour, no weapons or thrown items, claws 1, fangs 3, horns 1, see
invisible, carnivore 3, speed 1, poison resistance, shaggy fur 2, slow
metabolism 1, sharp paws
a: Shadow Step, Renounce Religion


You were on level 4 of the Dungeon.
You worshipped Dithmenos.
Dithmenos was most pleased with you.
You were not hungry.

You visited 1 branch of the dungeon, and saw 4 of its levels.

You collected 143 gold pieces.

Inventory:

Jewellery
 s - a ring of protection from magic (left paw)
Scrolls
 d - a scroll of teleportation
 e - a scroll of recharging
 h - 4 scrolls of remove curse
 k - a scroll of fog {unknown}
 l - 2 scrolls of identify {unknown}
 o - 2 scrolls of random uselessness {unknown}
 q - a scroll of immolation {unknown}
Potions
 b - 2 potions of brilliance
 g - a potion of cure mutation
Comestibles
 a - 2 meat rations
 f - 2 beef jerkies
 m - a slice of pizza
 p - a royal jelly


   Skills:
 + Level 3.8 Fighting
 + Level 5.7 Dodging
 * Level 7.3 Stealth
 + Level 5.0 Unarmed Combat


You had 5 spell levels left.
You didn't know any spells.

Dungeon Overview and Level Annotations

Branches:
Dungeon (4/15)             Temple (0/1) D:4

Altars:
Ashenzari
Dithmenos
Ru
The Shining One

Annotations:
D:4 Pikel


Innate Abilities, Weirdness & Mutations

You cannot wear armour.
You are incapable of wielding weapons or throwing items.
You have sharp claws.
You have razor-sharp teeth.
You have supernaturally acute eyesight.
You are carnivorous and can eat meat at any time.
You cover ground quickly.
You are covered in thick fur (AC +2).
You have a slow metabolism.
Your sharp claws are effective at attacking unaware monsters.
You have a pair of small horns on your head.
Your system is resistant to poisons.


Message History

You scratch Pikel but do no damage. Your bite misses Pikel.
Pikel is heavily wounded.
Pikel hits you with a whip of flaming.
* * * LOW HITPOINT WARNING * * *
Pikel burns you.
* * * LOW HITPOINT WARNING * * *
Pikel completely misses you.
You claw Pikel!
Pikel is severely wounded.
Pikel completely misses you.
You closely miss Pikel.
Pikel is severely wounded.
Pikel barely misses you.
You scratch Pikel. Your bite misses Pikel.
Pikel is severely wounded.
Pikel completely misses you.
You completely miss Pikel. You bite Pikel, but do no damage.
Pikel is severely wounded.
Pikel hits you with a whip of flaming!
You die...

### ####.#≈≈≈≈≈# ##
##.###....####### .##
#...#..........## ..#
#.(..)[.....[...# ..#
#...............# ..#
#...............# ..#
#...#..........## ..####
#...##.)..#....##
.....###....####@####..#
...#..##.##.####K# ##.#
#####.#..##...##p# #.#
#.#.#####.##p# #.# ### #...#
#.##p#####.#
..####.######.#.p...##..
#.##........#....(...#... .
............#.......##.... ..
.#......................>..pp


You could see Pikel and 4 slaves.

Vanquished Creatures
  Menkaure (D:4)
  3 orc wizards (D:4)
  Crazy Yiuf (D:2)
  An orc priest (D:4)
  2 worker ants (D:4)
  2 adders (D:3)
  3 worms
  2 giant geckos
  9 orcs
  7 bats
  12 goblins
  4 hobgoblins
  12 jackals
  7 kobolds
  6 quokkas
  A ball python (D:3)
  5 giant cockroaches
  A giant gecko skeleton (D:4)
  2 giant newts (D:2)
  6 rats
87 creatures vanquished.

Notes
Turn   | Place    | Note
--------------------------------------------------------------
     0 | D:1      | JustSomeDude the Felid Monk began the quest for the Orb.
     0 | D:1      | Reached XP level 1. HP: 10/10 MP: 2/2
   304 | D:1      | Reached XP level 2. HP: 9/14 MP: 3/3
   843 | D:1      | Reached XP level 3. HP: 17/17 MP: 4/4
  1003 | D:2      | Found a shadowy altar of Dithmenos.
  1012 | D:2      | Became a worshipper of Dithmenos the Shadowed
  1012 | D:2      | Reached * piety under Dithmenos
  1012 | D:2      | Reached ** piety under Dithmenos
  1465 | D:2      | Found a faded altar to an unknown god.
  1637 | D:2      | Noticed Crazy Yiuf
  1643 | D:2      | Killed Crazy Yiuf
  1643 | D:2      | Reached XP level 4. HP: 21/21 MP: 5/5
  2018 | D:3      | Found a glowing golden altar of the Shining One.
  2156 | D:3      | Gained mutation: You have a pair of small horns on your head. [potion of beneficial mutation]
  2295 | D:3      | Gained mutation: Your system is resistant to poisons. [potion of beneficial mutation]
  2415 | D:3      | Reached skill level 5 in Stealth
  2506 | D:3      | Found a sacrificial altar of Ru.
  2903 | D:4      | Reached XP level 5. HP: 24/24 MP: 6/6
  2939 | D:4      | Found a staircase to the Ecumenical Temple.
  2939 | D:4      | Noticed Menkaure
  3134 | D:4      | Noticed a phantom
  3164 | D:4      | Noticed Pikel
  3254 | D:4      | Reached skill level 5 in Dodging
  3266 | D:4      | HP: 1/24 [orc wizard/dagger (1)]
  3267 | D:4      | Slain by an orc wizard
  3268 | D:4      | Reached XP level 4. HP: -2/21 MP: 5/5
  3293 | D:4      | Reached skill level 6 in Stealth
  3307 | D:4      | HP: 1/21 [orc priest/divine providence (8)]
  3308 | D:4      | Reached XP level 5. HP: 1/24 MP: 6/6
  3612 | D:4      | Reached *** piety under Dithmenos
  3844 | D:4      | Found a shattered altar of Ashenzari.
  3916 | D:4      | Killed Menkaure
  3916 | D:4      | Reached skill level 7 in Stealth
  3916 | D:4      | Reached skill level 5 in Unarmed Combat
  3916 | D:4      | Gained mutation: You are covered in thick fur (AC +2). [Felid growth]
  3916 | D:4      | Reached XP level 6. HP: 22/28 MP: 7/7
  3971 | D:4      | Noticed a slave
  3972 | D:4      | Noticed a slave
  3972 | D:4      | Noticed a slave
  3972 | D:4      | Noticed a slave
  4000 | D:4      | Mangled by Pikel

Action                   |  1- 3 |  4- 6 || total
-------------------------+-------+-------++-------
Melee: Unarmed           |   110 |   138 ||   248
  Use: Potion            |       |     9 ||     9
       Scroll            |       |     5 ||     5
 Stab: Sleeping          |    13 |     8 ||    21
       Distracted        |       |     2 ||     2
  Eat: Chunk             |     6 |     4 ||    10
